 Dungeon Crawl Stone Soup version 0.31.0-10-gcf4a605ca0 (webtiles) character file.

Game seed: 11509070044668615712

274 Curundu the Chopper (level 6, 0/56 HPs)
             Began as a Minotaur Berserker on Jan 25, 2024.
             Was a Believer of Trog.
             Slain by a sleepcap (9 damage)
             ... on level 4 of the Dungeon.
             The game lasted 00:08:42 (3254 turns).

Curundu the Chopper (Minotaur Berserker)            Turns: 3254, Time: 00:08:42

Health: 0/56       AC: 13    Str: 23    XL:     6   Next: 3%
Magic:  5/5        EV:  2    Int:  4    God:    Trog [**....]
Gold:   252        SH:  0    Dex: 10    Spells: 5/5 levels left

rFire   . . .        a - +0 hand axe
rCold   . . .        (no shield)
rNeg    . . .        h - +1 plate armour
rPois   +            (helmet restricted)
rElec   .            (no cloak)
rCorr   .            (no gloves)
SInv    +            (no boots)
Will    .....        (no amulet) Stlth
                     e - ring of see invisible
HPRegen 0.29/turn    g - ring of poison resistance
MPRegen 0.09/turn

%: no passive effects
@: sleeping
A: horns 2, retaliatory headbutt
a: Renounce Religion, Berserk, Trog's Hand


You were on level 4 of the Dungeon.
You worshipped Trog.
Trog was pleased with you.
You visited 1 branch of the dungeon, and saw 4 of its levels.

You collected 252 gold pieces.

Inventory:

Hand Weapons
 a - a +0 hand axe (weapon)
 p - a +2 trident of flaming
Armour
 h - a +1 plate armour (worn)
Jewellery
 e - a ring of see invisible (left hand)
 g - a ring of poison resistance (right hand)
 i - a ring of protection from cold
Wands
 k - a wand of mindburst (14)
 m - a wand of charming (1)
Scrolls
 c - a scroll of identify
 j - a scroll of poison
 n - a scroll of torment {unknown}
 o - a scroll of revelation {unknown}
 q - a scroll of enchant armour
Potions
 b - 2 potions of mutation
 d - a potion of berserk rage
 f - a potion of lignification
 l - a potion of might


   Skills:
 + Level 5.0 Fighting
 + Level 5.5 Axes
 + Level 4.8 Armour
 + Level 2.6 Dodging
 + Level 0.6 Stealth


You had 5 spell levels left.
You didn't know any spells.
Your spell library was empty.

Dungeon Overview and Level Annotations

Branches:
Dungeon (4/15)             Temple (0/1) D:4

Altars:
Okawaru


Innate Abilities, Weirdness & Mutations

You have a pair of horns on your head.
You reflexively headbutt those who attack you in melee.


Message History

You hit the sleepcap but do no damage. You headbutt the sleepcap!
The sleepcap is moderately damaged.
The sleepcap releases spores at you.
You are engulfed in a cloud of soporific spores!
You fall asleep.
The sleepcap releases spores at you!
You wake up.
* * * LOW HITPOINT WARNING * * *
You hit the sleepcap but do no damage.
The sleepcap is moderately damaged.
The sleepcap releases spores at you but does no damage.
You hit the sleepcap but do no damage. You headbutt the sleepcap.
The sleepcap is heavily damaged.
The sleepcap releases spores at you but does no damage.
You hit the sleepcap but do no damage.
The sleepcap is heavily damaged.
The sleepcap releases spores at you but does no damage.
You hit the sleepcap but do no damage.
The sleepcap is heavily damaged.
The sleepcap releases spores at you.
* * * LOW HITPOINT WARNING * * *
You are engulfed in a cloud of soporific spores!
You are unaffected.
You hit the sleepcap.
The sleepcap is severely damaged.
The sleepcap releases spores at you but does no damage.
You hit the sleepcap.
The sleepcap is severely damaged.
The sleepcap closely misses you.
You hit the sleepcap but do no damage.
The sleepcap is severely damaged.
The sleepcap releases spores at you.
* * * LOW HITPOINT WARNING * * *
You hit the sleepcap.
The sleepcap is almost destroyed.
The sleepcap releases spores at you.
* * * LOW HITPOINT WARNING * * *
You are engulfed in a cloud of soporific spores!
You fall asleep.
The sleepcap releases spores at you!
You die...

#..
####.###.#...###...####...
..[ ##..
#.#.#.##.....#####. ##
#..###............#.....
..........##.......##....
.........................
...................#.....
...................###)..
........#........#..#....
....##.f@.8.8.8..#..#....
...##......⌠.⌠..###......
. ###....8.>.8.###..#...
... #...†...⌠.⌠..#.>.####.
....#......8.8.8..........
...................:......
#.##.....<..............
#. ###..................
##.................#


You could see a sleepcap.

Vanquished Creatures
  A scorpion (D:3)
  A jelly (D:4)
  An iguana (D:4)
  2 orc wizards (D:3)
  2 adders (D:2)
  3 ribbon worms
  A dart slug (D:2)
  12 orcs
  9 ball pythons
  3 bats
  3 endoplasms
  2 giant cockroaches (D:2)
  6 goblins
  4 hobgoblins
  3 jackals (D:1)
  5 kobolds
  4 quokkas
  5 frilled lizards
  6 rats
73 creatures vanquished.

Notes
Turn   | Place    | Note
-------+----------+-------------------------------------------
     0 | D:1      | Curundu the Minotaur Berserker began the quest for the Orb.
     0 | D:1      | Reached XP level 1. HP: 19/19 MP: 0/0
    62 | D:1      | Found a faded altar of an unknown god.
   132 | D:1      | Reached XP level 2. HP: 25/27 MP: 1/1
  1070 | D:2      | Reached XP level 3. HP: 26/33 MP: 2/2
  1185 | D:2      | Reached ** piety under Trog
  1355 | D:2      | Found an iron altar of Okawaru.
  2244 | D:3      | Reached XP level 4. HP: 37/41 MP: 3/3
  2369 | D:3      | Noticed a scorpion
  2374 | D:3      | Killed a scorpion
  2375 | D:3      | Reached skill level 5 in Axes
  2375 | D:3      | Reached XP level 5. HP: 47/47 MP: 4/4
  3006 | D:4      | Found a staircase to the Ecumenical Temple.
  3239 | D:4      | Reached skill level 5 in Fighting
  3239 | D:4      | Reached XP level 6. HP: 36/56 MP: 5/5
  3254 | D:4      | Slain by a sleepcap

Illustrated notes

Levels and vault maps discovered:
D:1:      dpeg_arrival_line_fractal, layout_loops_corners,
          shapermc_ecumenical_altar_acropolis, minmay_pentomino_t4
D:2:      layout_basic, basic_altar, minivault_14, minmay_hedge_maze
D:3:      layout_basic
D:4:      layout_cave_pools, grunt_temple_overflow_open,
          minmay_temple_entry_statues_fountains, minmay_bent

Skill      XL: |  1  2  3  4  5 |
---------------+----------------+-----
Fighting       | 4 5 |  5.0
Axes           | 4 5 |  5.5
Armour         | 3 4 |  4.8
Dodging        | |  2.6
Stealth        | |  0.6

Action                     |  1- 3 |  4- 6 || total
---------------------------+-------+-------++-------
  Melee: Hand axe          |   198 |   103 ||   301
         Headbutt          |    59 |    16 ||    75
         Punch             |     5 |     1 ||     6
 Invoke: Trog's Hand       |     1 |       ||     1
    Use: Scroll            |     7 |     1 ||     8
 Armour: Animal skin       |    21 |       ||    21
         Plate armour      |    55 |    73 ||   128
  Dodge: Dodged            |    64 |    41 ||   105
